 Dungeon Crawl Stone Soup version 0.23.2-40-g277498a001 (webtiles) character file.

Game seed: 1346076621563359172

1561 Grit the Spear-Bearer (level 8, -16/56 HPs)
             Began as a Merfolk Gladiator on Aug 15, 2019.
             Was a Priest of Okawaru.
             Demolished by an ogre
             ... wielding a +0 giant club
              (20 damage)
             ... on level 7 of the Dungeon.
             The game lasted 00:16:55 (5942 turns).

Grit the Spear-Bearer (Merfolk Gladiator)           Turns: 5942, Time: 00:16:55

Health: -16/56     AC:  6    Str: 13 (14) XL:     8   Next: 89%
Magic:  8/8        EV: 15    Int:  5 (8)  God:    Okawaru [***...]
Gold:   266        SH:  5    Dex: 15 (17) Spells: 7/7 levels left

rFire    . . .     SeeInvis .   a - +0 trident
rCold    + . .     Gourm    .   m - +0 buckler
rNeg     . . .     Faith    .   b - +0 leather armour
rPois    .         Spirit   .   c - +0 helmet
rElec    .         Reflect  .   E - +0 cloak
rCorr    .         Harm     +   z - +0 pair of gloves
MR       .....                  (no boots)
Stlth    ++........             q - amulet of harm
HPRegen  0.18/turn              v - ring of protection from cold
MPRegen  0.11/turn              (no ring)

@: no status effects
A: change form in water, swift swim, stealthy swim
a: Heroism, Renounce Religion


You were on level 7 of the Dungeon.
You worshipped Okawaru.
Okawaru was most pleased with you.
You were near starving.

You visited 1 branch of the dungeon, and saw 7 of its levels.

You collected 266 gold pieces.

Inventory:

Hand Weapons
 a - a +0 trident (weapon)
Missiles
 d - 3 throwing nets (quivered)
Armour
 b - a +0 leather armour (worn)
 c - a +0 helmet (worn)
 m - a +0 buckler (worn)
 z - a +0 pair of gloves (worn)
 A - a +0 helmet
 E - a +0 cloak (worn)
Jewellery
 q - an amulet of harm (around neck)
 v - a ring of protection from cold (left hand)
 B - a cursed ring of teleportation {unknown}
Scrolls
 e - 8 scrolls of teleportation
 j - 3 scrolls of magic mapping {unknown}
 k - 2 scrolls of fear
 s - 3 scrolls of remove curse {unknown}
 t - a scroll of enchant weapon {unknown}
 u - 2 scrolls of enchant armour {unknown}
 x - a scroll of amnesia {unknown}
 y - 4 scrolls of identify
 C - a scroll of fog {unknown}
Potions
 g - a potion of mutation {unknown}
 h - 2 potions of degeneration
 i - 3 potions of heal wounds
 l - a potion of might {unknown}
 n - a potion of curing
 o - 2 potions of resistance {unknown}
 p - a potion of lignification {unknown}
 r - 3 potions of agility {unknown}
 w - 2 potions of magic {unknown}
Comestibles
 f - 5 rations
 D - a chunk of flesh


   Skills:
 - Level 2.1 Fighting
 * Level 12.3 Polearms
 - Level 2.0 Throwing
 + Level 6.1 Dodging
 - Level 1.1 Stealth
 + Level 5.5 Shields


You had 7 spell levels left.
You didn't know any spells.
Your spell library was empty.

Dungeon Overview and Level Annotations

Branches:
Dungeon (7/15)
 Temple: D:4-7

Altars:
Okawaru


Message History

The centaur misses you. You block the hungry ghost's attack.
You closely miss the hungry ghost.
The hungry ghost is almost destroyed.
The centaur hits you but does no damage.
You hit the hungry ghost.
The hungry ghost is almost destroyed.
The centaur hits you but does no damage.
The hungry ghost barely misses you.
You hit the hungry ghost.
You destroy the hungry ghost!
Okawaru accepts your kill.
Okawaru will now gift you ammunition as you gain piety.
Your Dodging skill increases to level 6!
The centaur hits you!
* * * LOW HITPOINT WARNING * * *
It was a potion of degeneration.
There was something very wrong with that liquid.
You feel weakened.
You feel dopey.
You feel clumsy. The centaur misses you.
The ogre hits you with a +0 giant club!
You die...

#.......##)##
#...........#
#.........###
#...........##
##...........#
###.........##
#.#........##
###.........#
#.@......###
##Oc.......##
#(.........#
...##.........##
#(...........###.##
.#.##.#.....## ...
...
.#..###.(..##..#....
..%.###...##...#....
......#.....#........


You could see an ogre and a centaur.

Vanquished Creatures
  A hungry ghost (D:7)
  An orc warrior (D:6)
  A sky beast (D:6)
  A centaur (D:6)
  4 ogres
  A bullfrog (D:2)
  A scorpion (D:5)
  A howler monkey (D:4)
  2 crimson imps
  A hound (D:7)
  A bullfrog skeleton (D:6)
  2 centaur skeletons
  4 orc priests
  4 worker ants
  A hound skeleton (D:4)
  2 worker ant zombies (D:6)
  A gnoll (D:1)
  11 adders
  2 oozes
  An adder skeleton (D:4)
  An adder zombie (D:5)
  3 worms
  3 dart slugs
  3 leopard geckos
  12 orcs
  9 giant cockroaches
  7 goblins
  3 hobgoblins
  10 jackals
  A quokka (D:2)
  7 ball pythons
  9 bats
  9 frilled lizards
  6 kobolds
  A leopard gecko skeleton (D:4)
  10 rats
137 creatures vanquished.

Notes
Turn   | Place    | Note
-------+----------+-------------------------------------------
     0 | D:1      | Grit the Merfolk Gladiator began the quest for the Orb.
     0 | D:1      | Reached XP level 1. HP: 16/16 MP: 1/1
   165 | D:1      | Reached XP level 2. HP: 22/22 MP: 2/2
   288 | D:1      | Reached skill level 5 in Polearms
   288 | D:1      | Reached skill level 1 in Stealth
   583 | D:1      | Reached XP level 3. HP: 27/27 MP: 3/3
   726 | D:2      | Found an iron altar of Okawaru.
   742 | D:2      | Became a worshipper of Warmaster Okawaru
   888 | D:2      | Reached skill level 1 in Shields
   942 | D:2      | Reached skill level 6 in Polearms
   964 | D:2      | Reached XP level 4. HP: 33/33 MP: 4/4
  1014 | D:2      | Noticed a bullfrog
  1025 | D:2      | Killed a bullfrog
  1025 | D:2      | Reached XP level 5. HP: 29/38 MP: 5/5
  1041 | D:2      | Reached skill level 7 in Polearms
  2609 | D:3      | Reached skill level 8 in Polearms
  2609 | D:3      | Reached XP level 6. HP: 28/44 MP: 6/6
  2720 | D:3      | Found a faded altar of an unknown god.
  3205 | D:4      | Reached * piety under Okawaru
  3383 | D:4      | Reached skill level 9 in Polearms
  3558 | D:4      | Reached XP level 7. HP: 49/50 MP: 7/7
  4028 | D:5      | Entered Level 5 of the Dungeon
  4069 | D:5      | You fall through a shaft!
  4092 | D:6      | Reached skill level 10 in Polearms
  4295 | D:6      | Reached ** piety under Okawaru
  4398 | D:6      | Reached skill level 11 in Polearms
  4398 | D:6      | Reached XP level 8. HP: 9/56 MP: 8/8
  4997 | D:6      | Reached skill level 5 in Dodging
  5118 | D:7      | Reached skill level 5 in Shields
  5844 | D:7      | Reached skill level 12 in Polearms
  5941 | D:7      | Reached *** piety under Okawaru
  5942 | D:7      | Demolished by an ogre

Skill      XL: |  1  2  3  4  5  6  7  8 |
---------------+-------------------------+-----
Polearms       | 5 6 8 9 11 12 | 12.3
Stealth        | 1 |  1.1
Shields        | 1 2 3 4 5 |  5.5
Dodging        | 6 |  6.1
Fighting       | |  2.1
Throwing       | |  2.0

Action                   |  1- 3 |  4- 6 |  7- 9 || total
-------------------------+-------+-------+-------++-------
Melee: Trident           |    83 |   290 |   195 ||   568
  Use: Scroll            |       |     7 |       ||     7
       Potion            |       |     1 |     6 ||     7
 Stab: Sleeping          |     5 |    11 |     2 ||    18
       Distracted        |       |     1 |       ||     1
  Eat: Chunk             |       |     5 |     9 ||    14
       Ration            |       |     1 |       ||     1
Armor: Leather armour    |     9 |    47 |    31 ||    87
Dodge: Dodged            |    42 |   172 |    84 ||   298
Block: Buckler           |     7 |    57 |    53 ||   117
